[Event "*** Titled Tuesday Blitz"]
[Site "Chess.com"]
[Date "2018.11.06"]
[Round "10"]
[White "tomozupan"]
[Black "sandager"]
[Result "1/2-1/2"]
[WhiteElo "2169"]
[BlackElo "2116"]
[TimeControl "180+2"]
[EndTime "15:19:57 PST"]
[Termination "Game drawn by repetition"]

1. d4 Nf6 2. Bg5 Ne4 3. Bf4 c5 4. f3 Qa5+ 5. c3 Nf6 6. d5 d6 7. e4 g6 8. Qd2 Bg7 9. Na3 Nbd7 10. Nc4 Qc7 11. a4 Ne5 12. Nxe5 dxe5 13. Bh6 O-O 14. h4 Nh5 15. Ne2 Bxh6 16. Qxh6 e6 17. g4 Nf4 18.
Nxf4 exf4 19. Bc4 exd5 20. Bxd5 Be6 21. Bxe6 fxe6 22. h5 Qg7 23. hxg6 hxg6 24. Qg5 Rad8 25. Rh6 Kf7 26. Qxf4+ Ke8 27. Qg5 Rxf3 28. Rxg6 Qf8 29. Rg8 Rf1+ 30. Ke2 Rf2+ 31. Ke1 Rf1+ 32. Ke2 Rf2+ 33.
Ke3 Rf3+ 34. Ke2 Rf2+ 35. Ke3 Rf3+ 36. Ke2 Rf2+ 37. Ke3 Rf3+ 38. Ke2 Rf2+ 1/2-1/2

[Event "*** Titled Tuesday Blitz"]
[Site "Chess.com"]
[Date "2018.11.06"]
[Round "10"]
[White "GianmarcoVaR"]
[Black "GadimbayliA"]
[Result "1-0"]
[WhiteElo "2568"]
[BlackElo "2638"]
[TimeControl "180+2"]
[EndTime "15:19:58 PST"]
[Termination "GianmarcoVaR won by resignation"]

1. d4 c5 2. d5 g6 3. Nc3 Bg7 4. e4 d6 5. Nf3 Nd7 6. Be2 Ngf6 7. O-O O-O 8. Re1 a6 9. a4 Rb8 10. a5 b5 11. axb6 Qxb6 12. Ra2 Ng4 13. h3 Nge5 14.
Nd2 Bb7 15. f4 c4+ 16. Kh2 Qf2 17. Rf1 Qh4 18. g3 Qh6 19. fxe5 Nxe5 20. Nxc4 g5 21. Rf5 Nxc4 22. Bxc4 Bc8 23. Rxg5 Qxh3+ 24. Kg1 Kh8 25. Bf1 Qh6 26. Be3 Bd7 27. Qf3 a5 28. Rh5 Qg6 29.
Rg5 Qh6 30. Bd3 f6 31. Rh5 Qg6 32. Rh4 f5 33. Rf4 Be5 34. exf5 Qf6 35. Ne4 Qf7 36. Ng5 Qf6 37. Rh4 Rb4 38. Nxh7 Kg8 39. Nxf6+ 1-0

[Event "*** Titled Tuesday Blitz"]
[Site "Chess.com"]
[Date "2018.11.06"]
[Round "10"]
[White "colegiodemadrid"]
[Black "Morshynska"]
[Result "1-0"]
[WhiteElo "2242"]
[BlackElo "2069"]
[TimeControl "180+2"]
[EndTime "15:19:59 PST"]
[Termination "colegiodemadrid won by resignation"]

1. e4 e5 2. Nf3 Nc6 3. Bb5 a6 4. Ba4 Nf6 5. Qe2 b5 6. Bb3 Bc5 7. c3 O-O 8. O-O h6 9. a4 Rb8 10. axb5 axb5 11. d3 Re8 12. Be3 Bf8 13. Nbd2 d5 14.
exd5 Nxd5 15. Ne4 Bg4 16. h3 Bh5 17. Ng3 Bg6 18. Ra6 Qd7 19. Nh4 Bh7 20. Rd1 Nd4 21. cxd4 exd4 22. Qf3 Nxe3 23. fxe3 Rxe3 24. Qf4 Bd6 25.
Rxd6 cxd6 26. Nhf5 Bxf5 27. Nxf5 Re5 28. Rf1 Rf8 29.
Qg4 Rxf5 30. Qxf5 Qe7 31. Qf4 d5 32. Qxd4 Rd8 33. Kh1 Kh8 34. Qf2 f6 35. Re1 Qd6 36. Qd4 Kh7 37. Bd1 Qg3 38. Rf1 Re8 39. Qxd5 Re1 40. Qf5+ Kh8 41. Bh5 Rxf1+ 42. Qxf1 Qg5 43. Bf3 Qe5 44. Qe2 Qb8 45. d4 b4 46. d5 b3 47.
Qd2 Qd6 48. Bd1 1-0

[Event "*** Titled Tuesday Blitz"]
[Site "Chess.com"]
[Date "2018.11.06"]
[Round "10"]
[White "Iyael"]
[Black "Paparama_1917"]
[Result "0-1"]
[WhiteElo "2051"]
[BlackElo "2558"]
[TimeControl "180+2"]
[EndTime "15:20:03 PST"]
[Termination "Paparama_1917 won by checkmate"]

1. e4 c5 2. c3 e6 3. d4 d5 4. e5 Nc6 5. Nf3 Qb6 6. Be2 Nh6 7. O-O cxd4 8. cxd4 Nf5 9. Nc3 Nfxd4 10. Be3 Nxf3+ 11.
Bxf3 Qd8 12. Bd4 Nxd4 13. Qxd4 Qb6 14. Qd2 Bd7 15. Rfe1 Bc6 16. a3 Rd8 17. b4 a6 18.
Rab1 Be7 19. Ne2 O-O 20. Nd4 Ba4 21. Be2 Rc8 22. Bd3 g6 23. Qf4 Rc3 24. Re3 f5 25. exf6 Rxf6 26. Qe5 Qc7 27. Qxc7 Rxc7 28. Nxe6 Rc3 29.
Nd4 Bf8 30. Rbe1 Rxa3 31. b5 axb5 32. Nxb5 Rxd3 33. Rxd3 Bxb5 34. Rxd5 Bc6 35. Rd8 Kg7 36.
f3 Bc5+ 37. Kh1 g5 38. Rc1 Rxf3 39. h4 Rh3# 0-1

[Event "*** Titled Tuesday Blitz"]
[Site "Chess.com"]
[Date "2018.11.06"]
[Round "10"]
[White "AkibaRubi"]
[Black "WorldChampionBulletChess"]
[Result "0-1"]
[WhiteElo "2441"]
[BlackElo "2149"]
[TimeControl "180+2"]
[EndTime "15:20:04 PST"]
[Termination "WorldChampionBulletChess won by resignation"]

1. d4 Nf6 2. c4 e6 3. Nc3 d5 4. e3 Be7 5. Nf3 O-O 6. Be2 b6 7. O-O Bb7 8. b3 Nbd7 9. Bb2 Re8 10. cxd5 exd5 11. Re1 Nf8 12. Rc1 Ne6 13. Qc2 g6 14.
Bb5 c6 15. Bd3 Ng7 16. e4 dxe4 17. Nxe4 Nd5 18. a3 Qd7 19. Ne5 Qc8 20. Nxc6 Bxc6 21. Qxc6 Qd8 22. Bc4 Nf4 23. f3 Rc8 24. Qa4 Nf5 25. Bf1 Qd5 26. b4 Nh4 27. Qd1 Rxc1 28. Qxc1 Nhxg2 29. Bxg2 Nd3 30. Qd2 Nxe1 31. Qxe1 Bf8 32.
Nf6+ Kh8 33. Nxd5 Rxe1+ 34. Kf2 Rb1 35. Bc3 Rc1 36. Bd2 Rc2 37. Ke3 Bh6+ 38. Ke2 Rxd2+ 39. Ke1 Rxd4 40. Ne7 Bg5 41. Nc6 Bh4+ 42. Ke2 Rd7 43. Ne5 Re7 44. f4 f6 0-1

[Event "*** Titled Tuesday Blitz"]
[Site "Chess.com"]
[Date "2018.11.06"]
[Round "10"]
[White "Polish_fighter3000"]
[Black "EvgenyT"]
[Result "0-1"]
[WhiteElo "2960"]
[BlackElo "2941"]
[TimeControl "180+2"]
[EndTime "15:20:05 PST"]
[Termination "EvgenyT won by resignation"]

1. e4 e5 2. Nf3 Nc6 3. Bc4 Bc5 4. d3 Nf6 5. c3 a6 6. Bb3 d6 7. Nbd2 Ba7 8. Nf1 Be6 9. h3 h6 10. Qe2 Qd7 11. Bc2 d5 12. Ng3 O-O 13. O-O Rfe8 14. Nh4 dxe4 15. Nxe4 Nxe4 16. dxe4 Qe7 17. Nf5 Qf6 18. Kh1 Rad8 19. Qf3 Kh8 20. Rg1 Bxf5 21. exf5 e4 22. Bxe4 Ne5 23. Qg3 Nc4 24. Bxb7 Re2 25. Qg4 Rxf2 26. Qxc4 Qb6 27. Qc6 Qa5 28. Bxh6 Qe5 29.
Bg5 Rd3 30. Qf3 Rdxf3 31. Bxf3 Qg3 32. Rge1 Rxf3 33. Re8+ Kh7 34. Bd8 Rf2 35. Rg1 Rxb2 36. Bxc7 Qxc7 37. f6 0-1

[Event "*** Titled Tuesday Blitz"]
[Site "Chess.com"]
[Date "2018.11.06"]
[Round "10"]
[White "xpto15"]
[Black "wonderfultime"]
[Result "0-1"]
[WhiteElo "1437"]
[BlackElo "2793"]
[TimeControl "180+2"]
[EndTime "15:20:05 PST"]
[Termination "wonderfultime won by resignation"]

1. e4 c5 2. Nf3 d6 3. Nc3 Nf6 4. d4 cxd4 5. Nxd4 g6 6. Be3 Bg7 7.
f3 O-O 8. Qd2 Nc6 9. O-O-O d5 10. Kb1 Nxd4 11. e5 Nf5 12. exf6 exf6 13. Nxd5 Nxe3 14.
Qxe3 Be6 15. Bc4 f5 16. c3 Qa5 17. Ne7+ Kh8 18. Bxe6 fxe6 19. Qxe6 Rfe8 20. h4 Qc5 21. Rd7 Qf2 22. h5 Qxg2 23. Re1 gxh5 24. Qxf5 h4 25. Re4 h3 26. Rd1 Rad8 27. Nd5 Rf8 28. Qh5 Qxf3 29. Qxf3 Rxf3 30. Rh4 b5 31. a4 a6 32. axb5 axb5 33.
Ka2 Be5 34. Nf6 Bxf6 35. Rxd8+ Bxd8 0-1

[Event "*** Titled Tuesday Blitz"]
[Site "Chess.com"]
[Date "2018.11.06"]
[Round "10"]
[White "JSMastropiero"]
[Black "Keaton87"]
[Result "0-1"]
[WhiteElo "2324"]
[BlackElo "2476"]
[TimeControl "180+2"]
[EndTime "15:20:17 PST"]
[Termination "Keaton87 won by resignation"]

1. c4 Nf6 2. Nc3 e6 3. d4 d5 4.
cxd5 Nxd5 5. e4 Nxc3 6. bxc3 c5 7. Nf3 cxd4 8. cxd4 Bb4+ 9. Bd2 Bxd2+ 10. Qxd2 O-O 11. Bc4 b6 12. d5 Ba6 13. Bxa6 Nxa6 14.
O-O Nc5 15. Rfe1 Re8 16. d6 e5 17. Rad1 Qd7 18. Qb4 Re6 19. Rd5 f6 20. Red1 Rd8 21.
Nh4 g6 22. Qc4 Kg7 23. Qe2 Qc6 24. Qg4 Kf7 25. f4 exf4 26. e5 fxe5 27. Nf3 h5 28.
Qg5 Rd7 29. Nxe5+ Rxe5 30. Rxe5 Ne6 31. Rxe6 Kxe6 32. Qxg6+ Ke5 33. Qxh5+ Kf6 34. Qh4+ Kf5 35. Rf1 Qxd6 36. Qh5+ Kf6 37. Qh6+ Kf5 38. Qh3+ Kf6 39. Rxf4+ Qxf4 40. Qxd7 Qe5 41. Qd8+ Kf5 42. Qd3+ Kf6 43.
Qf3+ Ke6 44. Kf2 Qa1 45. Qe2+ Kf5 46. h3 Qd4+ 47. Qe3 Qb2+ 48. Kg3 Qxa2 49. Qf4+ Kg6 50. Qe4+ Kf7 51. Kg4 Qe6+ 52. Qxe6+ Kxe6 53. h4 a5 54. Kf4 a4 55. h5 a3 56. h6 Kf7 0-1

[Event "*** Titled Tuesday Blitz"]
[Site "Chess.com"]
[Date "2018.11.06"]
[Round "10"]
[White "PawnEatingZombie"]
[Black "ruvat"]
[Result "0-1"]
[WhiteElo "2093"]
[BlackElo "2303"]
[TimeControl "180+2"]
[EndTime "15:20:18 PST"]
[Termination "ruvat won on time"]

1. d4 d6 2. e4 Nf6 3. Nd2 g6 4. Ngf3 Bg7 5. Bd3 O-O 6. O-O Nbd7 7. Re1 e5 8. dxe5 dxe5 9. Qe2 Nh5 10. g3 Nc5 11. Bc4 Bg4 12. Qe3 Qe7 13. c3 Rad8 14.
b4 Na4 15. Bb3 Nb6 16. a4 a6 17. a5 Nc8 18. Nc4 h6 19. Nfd2 Nd6 20. f3 Bc8 21. Qe2 Kh7 22. Nf1 Nb5 23. Qc2 Qf6 24. Kg2 Rfe8 25.
Be3 Bf8 26. Red1 Qe6 27. Kg1 Rxd1 28. Rxd1 Qh3 29. Nb2 Be6 30. Bxe6 Qxe6 31. c4 Nd6 32.
Bf2 Nf6 33. Ne3 c6 34. c5 Nc8 35. Nec4 Na7 36. Nd3 Nb5 37. Ndxe5 Bg7 38. Nd3 Nh5 39.
Be3 Nd4 40. Qa2 Nxf3+ 41. Kf2 Qf6 0-1

[Event "*** Titled Tuesday Blitz"]
[Site "Chess.com"]
[Date "2018.11.06"]
[Round "10"]
[White "novocane"]
[Black "aquaticpineapples"]
[Result "0-1"]
[WhiteElo "2146"]
[BlackElo "2028"]
[TimeControl "180+2"]
[EndTime "15:20:18 PST"]
[Termination "aquaticpineapples won by resignation"]

1. d4 d5 2. c4 e6 3. Nc3 Nf6 4. cxd5 exd5 5. Bg5 Be7 6. Qc2 O-O 7. e3 Bg4 8. Nge2 c6 9. Nf4 h6 10. Bxf6 Bxf6 11. f3 Bd7 12. O-O-O a5 13. Kb1 Na6 14. Bxa6 Rxa6 15. e4 dxe4 16. fxe4 b5 17. e5 Bg5 18. g3 Qc8 19. Ka1 Bf5 20. Qd2 a4 21. h4 Be7 22. Rc1 Qa8 23. g4 Bxg4 24. Rhg1 Bf5 25.
Nh5 Bg6 26. Nf4 b4 27. Nxg6 fxg6 28. Ne4 b3 29. a3 Rb6 30. Nc5 Qe8 31. Qd3 Rf5 32.
Rcf1 Rxf1+ 33. Qxf1 Bxc5 34. dxc5 Rb5 35. h5 gxh5 36.
Qf6 Rb7 37. e6 Kh8 38. Qf5 Re7 39. Re1 Kg8 40. Kb1 Qf8 41. Qxh5 Qf2 42. Rc1 Rxe6 43. Qh3 Re2 44. Qc8+ Kh7 0-1

[Event "*** Titled Tuesday Blitz"]
[Site "Chess.com"]
[Date "2018.11.06"]
[Round "10"]
[White "biostatistician"]
[Black "TST2014"]
[Result "1/2-1/2"]
[WhiteElo "2643"]
[BlackElo "2519"]
[TimeControl "180+2"]
[EndTime "15:20:20 PST"]
[Termination "Game drawn by repetition"]

1. d4 Nf6 2. Nf3 g6 3. c4 Bg7 4.
Nc3 O-O 5. e4 d6 6. Be2 e5 7.
dxe5 dxe5 8. Qxd8 Rxd8 9. Bg5 Re8 10. Nd5 Nxd5 11. cxd5 c6 12. Bc4 cxd5 13. Bxd5 Nc6 14. O-O-O Bg4 15. Kb1 Bxf3 16. gxf3 Kf8 17. Be3 Rac8 18.
Bxc6 Rxc6 19. Bxa7 b6 20. Rd7 Bh6 21. a3 Re7 22. Rxe7 Kxe7 23. Rd1 Bf4 24. h3 Kf6 25. Bb8 Kg5 26. Rd5 f6 27. Rd6 Rxd6 28. Bxd6 b5 29. Be7 Kh4 30. Bxf6+ Kxh3 31. b3 Kg2 32. a4 bxa4 33.
bxa4 Kxf2 34. a5 Kxf3 35. a6 Be3 36. Bxe5 Kxe4 37. Bb8 h5 38. Kc2 g5 39. Kd1 Kf3 40.
Ke1 Kg2 41. Ke2 Bf2 42. Be5 g4 43. Kd3 Ba7 44. Bd4 Bb8 45. Be5 Ba7 46. Bd4 Bb8 47. Be5 Ba7 48. Bd4 Bb8 49. Be5 Ba7 50. Bd4 Bb8 51. Be5 Ba7 1/2-1/2

[Event "*** Titled Tuesday Blitz"]
[Site "Chess.com"]
[Date "2018.11.06"]
[Round "10"]
[White "DawidCzerw"]
[Black "1random"]
[Result "1-0"]
[WhiteElo "2289"]
[BlackElo "2478"]
[TimeControl "180+2"]
[EndTime "15:20:24 PST"]
[Termination "DawidCzerw won by checkmate"]

1. d4 Nf6 2. c4 e6 3. Nf3 d5 4.
g3 Be7 5. Bg2 O-O 6. O-O dxc4 7.
Qc2 c6 8. Qxc4 b5 9. Qc2 Bb7 10. Nc3 Nbd7 11. Bg5 Rc8 12. e4 b4 13. e5 bxc3 14.
exf6 Nxf6 15. bxc3 c5 16. Qb2 Ba8 17. Rfd1 Ne4 18.
Be3 Qa5 19. Rac1 Bf6 20. Ne5 cxd4 21. cxd4 Nc3 22. Re1 Bxg2 23. Kxg2 Bxe5 24. dxe5 Qxe5 25. Kg1 Qa5 26. Bd2 Na4 27. Qd4 Qa6 28. Qg4 Rcd8 29. Bh6 g6 30. Bxf8 Rxf8 31. h4 h5 32. Qg5 Nb2 33.
Rc7 Qxa2 34. Re2 Qb1+ 35. Kh2 a5 36. Rb7 a4 37. Rexb2 Qd3 38. Rb8 a3 39. Rxf8+ Kxf8 40. Rb8+ Kg7 41. Qd8 a2 42. Qh8# 1-0

[Event "*** Titled Tuesday Blitz"]
[Site "Chess.com"]
[Date "2018.11.06"]
[Round "10"]
[White "Federtiu"]
[Black "SergeiAza"]
[Result "0-1"]
[WhiteElo "2632"]
[BlackElo "2804"]
[TimeControl "180+2"]
[EndTime "15:20:25 PST"]
[Termination "SergeiAza won by resignation"]

1. c4 e5 2. Nc3 Nf6 3. e3 Nc6 4.
g4 h6 5. Bg2 Bb4 6. Nd5 d6 7. Qa4 Bd7 8. Nxb4 Nd4 9. Qd1 Bxg4 10. f3 Ne4 11. h4 Ng3 12. Rh2 Bh5 13. exd4 O-O 14. d3 exd4 15. Bf4 Re8+ 16. Kd2 Nf5 17. Ne2 Qf6 18. Nd5 Qd8 19. Bh3 c6 20. Bxf5 cxd5 21. Bg4 Bg6 22. Qa4 Qf6 23. Re1 Rxe2+ 24. Rhxe2 Qxf4+ 25. Kc2 h5 26. Re8+ Rxe8 27. Qxe8+ Kh7 28.
Bc8 dxc4 29. Kb1 cxd3 30. Ka1 d2 31. Rd1 Qe3 32. Qa4 Bd3 33. Bxb7 g6 34. Be4 Be2 35. Qe8 Kg7 36. Qa4 Bxd1 37. Qxd1 d3 38. Bd5 Qe1 39. Bb3 g5 40. hxg5 h4 41. a4 h3 42. Ka2 Qxd1 43. Bxd1 h2 0-1

[Event "*** Titled Tuesday Blitz"]
[Site "Chess.com"]
[Date "2018.11.06"]
[Round "10"]
[White "Ramosha"]
[Black "Vuk2000"]
[Result "0-1"]
[WhiteElo "2490"]
[BlackElo "2682"]
[TimeControl "180+2"]
[EndTime "15:20:26 PST"]
[Termination "Vuk2000 won by resignation"]

1. d4 Nf6 2. Nf3 e6 3. c4 b6 4. a3 Bb7 5. Nc3 d5 6. cxd5 exd5 7. g3 a6 8. Bg2 Bd6 9. Bg5 O-O 10. O-O h6 11.
Bf4 Bxf4 12. gxf4 Nc6 13. Ne5 Ne7 14. e3 Ne4 15. Nxe4 dxe4 16. Qc2 f6 17. Nc4 f5 18. Ne5 Rc8 19. Rac1 Qd6 20. Qb3+ Bd5 21. Qb4 c5 22.
dxc5 bxc5 23. Qa5 c4 24. Rfd1 Rc5 25. Qc3 Rfc8 26. Rd2 Qb6 27. Rcd1 Qb3 28. Bf1 Qxc3 29. bxc3 Ra5 30. Rd4 Rxa3 31. Rxd5 Nxd5 32. Rxd5 Rxc3 33. Kg2 Rc2 34. h4 c3 35. Bc4 Kh7 36. Rd7 Rd2 37. Bf7 Rxd7 38. Bg6+ Kg8 39. Nxd7 c2 40. Ne5 c1=Q 41.
Bf7+ Kf8 42. Be6 Ke7 43. Bd5 Rc5 44. Ng6+ Kf6 0-1

[Event "*** Titled Tuesday Blitz"]
[Site "Chess.com"]
[Date "2018.11.06"]
[Round "10"]
[White "RichardLeyvaP"]
[Black "Alexander_Moskalenko"]
[Result "0-1"]
[WhiteElo "2503"]
[BlackElo "2870"]
[TimeControl "180+2"]
[EndTime "15:20:37 PST"]
[Termination "Alexander_Moskalenko won on time"]

1. e4 c5 2. Nf3 d6 3. d4 cxd4 4. Nxd4 Nf6 5. Nc3 a6 6. f3 e6 7. Be3 h5 8. Bc4 b5 9. Bb3 Nbd7 10. O-O Ne5 11. Qe2 Qc7 12. a4 b4 13. Na2 Rb8 14.
c3 bxc3 15. Nxc3 Be7 16. Rfc1 Qb7 17. h3 Bd7 18. a5 O-O 19. Na4 Bxa4 20. Bxa4 Qxb2 21.
Qxa6 d5 22. Nc6 Nxc6 23. Qxc6 dxe4 24. fxe4 Qe5 25. a6 Bd6 26. a7 Rb2 27. Bc2 Qg3 28.
Bf2 Qh2+ 29. Kf1 Qh1+ 30. Bg1 Bh2 31. Kf2 Bxg1+ 32. Rxg1 Qh2 33. a8=Q Rxa8 34. Rxa8+ Kh7 35. e5+ g6 36. exf6 Qf4+ 37. Ke2 Qe5+ 38. Kd2 Qd4+ 39. Kc1 Rb6 40. Qe8 Qxg1+ 41. Bd1 Qe3+ 42. Kc2 Qb3+ 43. Kd2 Rd6+ 44. Ke2 Qxd1+ 45. Kf2 Qd4+ 46. Ke2 Qe5+ 47.
Kf3 Qxf6+ 0-1

[Event "*** Titled Tuesday Blitz"]
[Site "Chess.com"]
[Date "2018.11.06"]
[Round "10"]
[White "JonahWillow"]
[Black "RegZryt"]
[Result "1/2-1/2"]
[WhiteElo "2675"]
[BlackElo "2523"]
[TimeControl "180+2"]
[EndTime "15:20:38 PST"]
[Termination "Game drawn by agreement"]

1. e4 c5 2. Nf3 e6 3. d4 cxd4 4. Nxd4 Nf6 5. Nc3 Nc6 6. g3 Bb4 7. Bg2 d5 8. exd5 Nxd5 9. Nxc6 bxc6 10. O-O Qc7 11. Nxd5 cxd5 12. Bf4 Bd6 13. Bxd6 Qxd6 14. c4 O-O 15. cxd5 Rb8 16. b3 Bb7 17. dxe6 Qxe6 18. Re1 Qf6 19. Bxb7 Rxb7 20. Qd5 Re7 21. Rad1 Rxe1+ 22.
Rxe1 Rd8 23. Qc5 a6 24. Kg2 h6 25. Re2 Rd3 26. Qc8+ Kh7 27. Qg4 g6 28. Qe4 Rc3 29. h4 h5 30. Rd2 Rc1 31. Rd5 Kg8 32. Qe8+ Kh7 33. Qe4 Kg8 34. Qe5 Qc6 35. Qe4 Qf6 36. Qf3 Qe6 37. Rd8+ Kg7 38. Rd1 Rc2 39. a4 a5 40. Qd5 Qe2 41. Qd4+ Kh7 42. Rf1 Rb2 43. Qd5 Kg7 44. Qxa5 Rxb3 45. Qd5 Ra3 46. a5 Qa2 47. Qe5+ Kh7 48. Rd1 Rxa5 49. Qf6 Rf5 50. Qd4 Qa8+ 51. Kg1 Qf3 52. Re1 Rd5 53. Qa7 Rd1 54. Rxd1 Qxd1+ 55. Kh2 Qd5 1/2-1/2

[Event "*** Titled Tuesday Blitz"]
[Site "Chess.com"]
[Date "2018.11.06"]
[Round "10"]
[White "2165149677570"]
[Black "Makalexa"]
[Result "1-0"]
[WhiteElo "2384"]
[BlackElo "2132"]
[TimeControl "180+2"]
[EndTime "15:20:39 PST"]
[Termination "2165149677570 won by checkmate"]

1. e4 e5 2. Nf3 Nc6 3. d4 exd4 4. Bc4 Bc5 5. c3 Nf6 6. e5 d5 7. Bb5 Ne4 8. cxd4 Bb6 9. O-O O-O 10. Nc3 Bg4 11.
Be3 Ne7 12. Be2 c6 13. h3 Bf5 14. Nh4 Nxc3 15. bxc3 Be6 16. f4 f5 17. Nf3 Rc8 18. a4 Ba5 19. Qb3 Qd7 20. Ng5 h6 21.
Nxe6 Qxe6 22. Qxb7 Bb6 23. a5 Rb8 24. Qa6 Bc7 25. Qxa7 Rb2 26. Bd3 Bb8 27. Qa6 Ng6 28.
Rfb1 Rxb1+ 29. Rxb1 Nh4 30. Bf2 Ng6 31. c4 Nxf4 32.
cxd5 Qg6 33. g3 Nxh3+ 34. Kg2 Nxf2 35. Kxf2 Qg5 36. Qxc6 f4 37. g4 Qh4+ 38. Ke2 f3+ 39.
Kd2 Qf2+ 40. Kc3 Ba7 41. Qc4 Qe3 42. d6+ Kh8 43. d7 f2 44. e6 Qe1+ 45. Kc2 Qe3 46. d5 Bb8 47. Rxb8 Rxb8 48. Qc8+ Rxc8+ 49. dxc8=Q# 1-0

[Event "*** Titled Tuesday Blitz"]
[Site "Chess.com"]
[Date "2018.11.06"]
[Round "10"]
[White "Fy_Rakotomaharo"]
[Black "GhostOfGreenval"]
[Result "1/2-1/2"]
[WhiteElo "2438"]
[BlackElo "2703"]
[TimeControl "180+2"]
[EndTime "15:20:46 PST"]
[Termination "Game drawn by repetition"]

1. e4 c6 2. d4 d5 3. Nc3 dxe4 4.
Nxe4 Nf6 5. Nxf6+ exf6 6. c3 Bd6 7. Bd3 O-O 8. Qc2 Re8+ 9. Ne2 g6 10. h4 Be6 11. h5 f5 12. Bd2 Nd7 13. O-O-O Nf8 14. Nf4 Qf6 15. Rh3 g5 16. Nxe6 fxe6 17. h6 g4 18.
Rhh1 Ng6 19. f3 g3 20. Kb1 Bf4 21. Bc4 b5 22. Bb3 a5 23. a3 Rab8 24. Rde1 Kh8 25. Bxf4 Nxf4 26. Qd2 Ng6 27. f4 b4 28. Ka2 bxa3 29. bxa3 Rb6 30. Ba4 Reb8 31. Rb1 Ne7 32. Rxb6 Rxb6 33. c4 Rb7 34. Qe3 c5 35. Rd1 Ng6 36.
Bb5 cxd4 37. Rxd4 Kg8 38. Rd6 Kf7 39. a4 Nf8 40. c5 Qxh6 41. c6 Re7 42. Bc4 Qh1 43. Rd2 Qc1 44. Qd3 Kg7 45. Qd4+ Kf7 46. Qd3 Kg7 47. Qd4+ Kf7 48. Qd3 Kg7 49. Qd4+ Kf7 1/2-1/2

[Event "*** Titled Tuesday Blitz"]
[Site "Chess.com"]
[Date "2018.11.06"]
[Round "10"]
[White "FMJoseHerrera"]
[Black "GukeshDommaraju"]
[Result "0-1"]
[WhiteElo "2523"]
[BlackElo "2663"]
[TimeControl "180+2"]
[EndTime "15:20:46 PST"]
[Termination "GukeshDommaraju won on time"]

1. Nf3 Nf6 2. g3 g6 3. Bg2 Bg7 4. d3 d5 5. Nc3 O-O 6. h4 Bg4 7. Bg5 h6 8. Bf4 Nc6 9. Qd2 h5 10. Bh6 e5 11. Bxg7 Kxg7 12. Ng5 Re8 13. O-O Qd7 14.
e4 dxe4 15. Ncxe4 Nxe4 16. Bxe4 f6 17. Nf3 Bxf3 18. Bxf3 e4 19. Bg2 exd3 20. Rad1 Rad8 21. Qc3 d2 22. Bxc6 bxc6 23. Qc5 Re2 24. Qxa7 Rde8 25.
Qc5 Re1 26. Qc3 Rxf1+ 27. Kxf1 Qd5 28. f3 Qb5+ 29. Qd3 Qe5 30. Rxd2 Qxg3 31. Re2 Qh3+ 32. Kg1 Rxe2 33. Qxe2 Qg3+ 34. Kf1 Qxh4 35. Qe7+ Kh6 36.
Qe3+ g5 37. Qe7 Qc4+ 38. Kg1 Qd4+ 39. Kf1 g4 40. Qf8+ Kg5 41. Qg7+ Kf4 42. fxg4 Qd1+ 43. Kf2 Qd4+ 44. Ke1 Kf3 45. Qe7 hxg4 46. Qe2+ Kg3 47. b3 f5 48. a4 f4 49. Kf1 f3 50. Qe1+ f2 51. Qc1 Qe4 0-1

[Event "*** Titled Tuesday Blitz"]
[Site "Chess.com"]
[Date "2018.11.06"]
[Round "10"]
[White "sergeikim"]
[Black "evgenysharapov"]
[Result "1/2-1/2"]
[WhiteElo "2466"]
[BlackElo "2406"]
[TimeControl "180+2"]
[EndTime "15:20:48 PST"]
[Termination "Game drawn by repetition"]

1. d4 d5 2. c4 c6 3. Nf3 Nf6 4.
Qc2 g6 5. e3 Bf5 6. Bd3 Bxd3 7.
Qxd3 Bg7 8. O-O O-O 9. Nc3 e6 10.
Bd2 Nbd7 11. e4 dxe4 12. Nxe4 Nxe4 13. Qxe4 Qb6 14. Qh4 Bf6 15. Bg5 Qd8 16. Rad1 Re8 17. Rfe1 Bxg5 18. Nxg5 Nf6 19. h3 h5 20. Qf4 Kg7 21. Re3 Qb8 22. Qh4 Qd8 23. Rf3 Rf8 24. Qf4 Qe7 25. Re1 Rad8 26. Re5 Nh7 27. Nxh7 Kxh7 28.
Qe4 Kg7 29. d5 cxd5 30. cxd5 Rd6 31. dxe6 Rxe6 32. Rxe6 Qxe6 33. Qxe6 fxe6 34. Rxf8 Kxf8 35. Kf1 Ke7 36. Ke2 Kd6 37. Ke3 Ke5 38. g3 g5 39.
Kd3 h4 40. Ke3 g4 41. gxh4 gxh3 42. Kf3 Kf5 43. Kg3 h2 44. Kxh2 Kg4 45. Kg2 Kxh4 46. Kf3 Kg5 47. Ke4 Kf6 48. f4 Kf7 49. f5 exf5+ 50. Kxf5 Ke7 51. Ke5 Kd7 52. Kd5 Kc7 53.
Kc5 Kd7 54. Kd5 Kc7 55. Kc5 Kd7 56. Kd5 1/2-1/2

[Event "*** Titled Tuesday Blitz"]
[Site "Chess.com"]
[Date "2018.11.06"]
[Round "10"]
[White "severomorskij"]
[Black "jacky72"]
[Result "1-0"]
[WhiteElo "2719"]
[BlackElo "2696"]
[TimeControl "180+2"]
[EndTime "15:20:58 PST"]
[Termination "severomorskij won by checkmate"]

1. d4 Nf6 2. Bg5 Ne4 3. Bf4 c5 4. f3 Nf6 5. dxc5 b6 6. e4 bxc5 7. Nc3 Nc6 8. Qd2 g6 9. Bb5 Qb6 10. e5 Nh5 11. Nd5 Qb7 12. e6 fxe6 13. Nc7+ Kf7 14.
Bxc6 Qxc6 15. Nxa8 Qxa8 16. Be5 Nf6 17. Nh3 h6 18.
O-O Bg7 19. c4 d6 20. Bc3 e5 21. Nf2 Rf8 22. b4 cxb4 23. Bxb4 Kg8 24. Rac1 Bb7 25. Qe3 Nh5 26. c5 d5 27. Nd3 d4 28. Qe2 a5 29.
Bd2 Qa6 30. Rfe1 Rf5 31. Nf2 Qc6 32. Qe4 Rf6 33. Qxc6 Rxc6 34. Nd3 Nf6 35. Nxe5 Rc8 36. Nxg6 Kf7 37. Nxe7 Rc7 38. c6 Ba8 39. Bxa5 Rxe7 40. Rxe7+ Kxe7 41. c7 Bb7 42. c8=Q Bxc8 43. Rxc8 Nd5 44.
Rc1 Kd6 45. Bd2 d3 46. a4 Bd4+ 47. Kf1 h5 48. a5 Nc7 49. Bf4+ Kd5 50. Rxc7 Be5 51.
Bxe5 d2 52. Rd7+ Kxe5 53. Rxd2 h4 54. a6 h3 55. a7 hxg2+ 56. Kxg2 Kf4 57. a8=Q Kg5 58.
Qe4 Kh5 59. Qf5+ Kh4 60. Qg4# 1-0

[Event "*** Titled Tuesday Blitz"]
[Site "Chess.com"]
[Date "2018.11.06"]
[Round "10"]
[White "Zarikovs1999"]
[Black "Karina_Oparina"]
[Result "0-1"]
[WhiteElo "2324"]
[BlackElo "2184"]
[TimeControl "180+2"]
[EndTime "15:20:58 PST"]
[Termination "Karina_Oparina won by resignation"]

1. g3 Nf6 2. Bg2 c5 3. Nf3 e6 4. O-O b6 5. d4 Bb7 6. c4 cxd4 7. Qxd4 Be7 8. Nc3 O-O 9. e4 Nc6 10. Qd3 d6 11. Bg5 h6 12. Bxf6 Bxf6 13. Rad1 Nb4 14. Qe2 Qe7 15. a3 Bxc3 16. bxc3 Na6 17. e5 dxe5 18. Nxe5 Bxg2 19. Kxg2 Rfd8 20. Nc6 Qb7 21. Qf3 Rxd1 22. Rxd1 Rc8 23. Rd8+ Rxd8 24. Nxd8 Qxf3+ 25. Kxf3 Nc5 26. Nc6 a6 27. Ke3 Kf8 28.
Kd4 f6 29. f4 Ke8 30. Nb4 Kd7 31. Nc2 Kd6 32. Ke3 e5 33. fxe5+ Kxe5 34. Nd4 g5 35. g4 a5 36. Nf5 Ne4 37. Nxh6 Nxc3 38. Kd3 Nd1 39.
Ke2 Nb2 40. Nf7+ Ke6 41. Nd8+ Kd7 42. Nf7 Nxc4 43. a4 Nb2 44. Kd2 Nxa4 45. Kd3 Ke6 46. Nd8+ Kd5 47. Nf7 b5 48. Nh6 b4 49. Kc2 Nc5 50.
Ng8 Ke5 51. Ne7 Kf4 52. Nd5+ Ke5 53. Ne7 Ne6 54. Nc6+ Kf4 55. Nxa5 Kxg4 56. Kb3 Kh3 57. Kxb4 Kxh2 58. Nc4 g4 59. Kc3 g3 60. Nd2 g2 61.
Kd3 Kg3 62. Ne4+ Kf4 63. Nf2 Kf3 64. Nh3 Nf4+ 65. Nxf4 Kxf4 0-1

[Event "*** Titled Tuesday Blitz"]
[Site "Chess.com"]
[Date "2018.11.06"]
[Round "10"]
[White "Alohamora11"]
[Black "Bykov_Egor"]
[Result "1-0"]
[WhiteElo "2347"]
[BlackElo "2522"]
[TimeControl "180+2"]
[EndTime "15:21:04 PST"]
[Termination "Alohamora11 won on time"]

1. e4 e5 2. Nf3 Nc6 3. Bb5 a6 4. Ba4 Nf6 5. Bxc6 dxc6 6. d3 Nd7 7. Nbd2 Bd6 8. h4 f6 9. Nc4 Nc5 10. h5 Ne6 11. Nh4 O-O 12. Ne3 Bb4+ 13. Bd2 Bxd2+ 14.
Qxd2 c5 15. O-O-O Rf7 16. g3 b5 17. Rhf1 Bb7 18. f4 exf4 19. gxf4 c4 20. Nhf5 cxd3 21.
cxd3 c5 22. Rg1 Kh8 23. Kb1 c4 24. Ka1 cxd3 25. e5 fxe5 26. Qc3 exf4 27. Nxg7 Nxg7 28.
h6 Qf6 29. hxg7+ Kg8 30. Ng4 Qb6 31. Qc5 Qe6 32. Qe5 Qc6 33. Rxd3 Rc8 34. Rc3 Qg6 35. Rxc8+ Bxc8 36. Qe8+ Kxg7 37. Qxc8 f3 38. Qc3+ Kf8 39.
Qc8+ Kg7 40. Qc3+ Kf8 41. Qe1 h5 42. Nf2 Qf5 43. Qb4+ Re7 44. Re1 Qg5 45. Nh3 f2 46. Rf1 1-0